 Dungeon Crawl Stone Soup version 0.21-a0-265-gb353147 (webtiles) character file.

854 and1 the Ruffian (level 7, -1/71 HPs)
             Began as a Troll Chaos Knight on Sept 12, 2017.
             Slain by George's ghost (12 damage)
             ... on level 4 of the Dungeon.
             The game lasted 00:07:55 (3614 turns).

and1 the Ruffian (Troll Chaos Knight)               Turns: 3614, Time: 00:07:56

Health: -1/71      AC:  7    Str: 22 (23) XL:     7   Next: 70%
Magic:  6/6        EV: 10    Int:  6 (8)  God:    Xom [......]
Gold:   127        SH:  0    Dex:  8 (9)  Spells: 6/6 levels left

rFire    . . .     SeeInvis .     - Unarmed
rCold    . . .     Gourm    +   (no shield)
rNeg     . . .     Faith    .   a - +2 robe
rPois    .         Spirit   .   (helmet restricted)
rElec    .         Reflect  .   (no cloak)
rCorr    .         Harm     .   (gloves unavailable)
MR       .....                  (boots unavailable)
Stlth    +.........             (no amulet)
HPRegen  0.61/turn              (no ring)
MPRegen  0.10/turn              (no ring)

@: confused, hasted and slowed
A: unfitting armour, claws 3, deterioration 2, fast metabolism 3, gourmand,
regeneration 1, shaggy fur 1, tough skin 2
a: Renounce Religion


You were on level 4 of the Dungeon.
You worshipped Xom.
You were a very special plaything of Xom.
You were very hungry.

You visited 1 branch of the dungeon, and saw 5 of its levels.

You collected 127 gold pieces.

Inventory:

Missiles
 d - 105 stones (quivered)
 j - 3 javelins
Armour
 a - a +2 robe (worn)
Jewellery
 h - an uncursed ring of resist corrosion
 v - an uncursed ring of wizardry
Wands
 f - a wand of polymorph (23/24)
Scrolls
 c - a scroll of enchant armour {unknown}
 e - 4 scrolls of teleportation
 l - a scroll of blinking
 m - a scroll of recharging
 o - a scroll of magic mapping
Potions
 n - a potion of haste {unknown}
 q - a potion of flight {unknown}
 s - a potion of degeneration {unknown}
 u - a potion of resistance {unknown}
Comestibles
 b - 4 bread rations
 i - 3 fruits
 k - 2 meat rations
 z - a royal jelly


   Skills:
 + Level 4.8 Fighting
 - Level 1.9 Dodging
 * Level 7.8 Unarmed Combat


You had 6 spell levels left.
You didn't know any spells.

Dungeon Overview and Level Annotations

Branches:
Dungeon (5/15)
 Temple: D:4-7

Altars:
Okawaru
Qazlal
Sif Muna
Xom

Annotations:
D:4 George's ghost, amateur MiFi


Innate Abilities, Weirdness & Mutations

You are too large for most types of armour.
You have claws for hands.
Your metabolism is lightning-fast.
You like to eat raw meat.
Your natural rate of healing is unusually fast.
You are covered in fur. (AC +1)
You have very tough skin. (AC +2)
Your body often deteriorates upon taking damage.


Message History

You feel as though your hastened speed will last longer.
George's ghost is engulfed in seething chaos.
George's ghost hits you!
* * * LOW HITPOINT WARNING * * *
Your body deteriorates!
You feel weakened.
Unknown command.
Press: ? - help, v - describe, . - travel
Here: George's ghost (seething chaos, severely damaged, fast)
The floor, spattered with blood.
Unknown command.
Unknown command.
You are confused.
You feel invigorated.
George's ghost is engulfed in seething chaos.
George's ghost hits you!
* * * LOW HITPOINT WARNING * * *
George's ghost is engulfed in seething chaos.
George's ghost hits you!
You die...
Xom thinks this is hilarious!

...._...##....#
.............##
##....##...#.######
...................
...................
#.#.##...†......... .
#.#.##............. ...
#.#.##W.....######.
....#####...†@..........
............<###########
..o........###
.###.#.#...# .....#..##
###.#...## ∆ .#$#.#..##
.### #.. ... ...


You could see George's ghost.

Vanquished Creatures
  2 ogres (D:4)
  A phantom (D:3)
  2 bullfrogs
  A scorpion (D:4)
  2 hounds (D:4)
  4 orc wizards
  2 orc priests (D:3)
  A worker ant (D:4)
  A gnoll (D:2)
  3 adders
  3 worms
  2 leopard geckos (D:3)
  6 orcs
  2 giant cockroaches
  12 goblins
  6 hobgoblins
  7 jackals (D:1)
  3 quokkas
  A ball python (D:3)
  5 bats
  6 kobolds
  5 rats
77 creatures vanquished.

Vanquished Creatures (collateral kills)
  A phantom (D:5)
1 creature vanquished.

Grand Total: 78 creatures vanquished

Notes
Turn   | Place    | Note
-------+----------+-------------------------------------------
     0 | D:1      | and1 the Troll Chaos Knight began the quest for the Orb.
     0 | D:1      | Reached XP level 1. HP: 22/22 MP: 0/0
   145 | D:1      | Reached XP level 2. HP: 29/29 MP: 1/1
   190 | D:1      | XOM: harmless Summ miscast
   781 | D:2      | XOM: mild Conj miscast
   963 | D:2      | Reached XP level 3. HP: 34/36 MP: 2/2
  1123 | D:2      | XOM: divination: magic mapping
  1154 | D:2      | XOM: medium Fire miscast
  1182 | D:2      | Reached skill level 4 in Unarmed Combat
  1344 | D:2      | Found a stormy altar of Qazlal.
  1357 | D:2      | Found a deep blue altar of Sif Muna.
  1377 | D:2      | XOM is BORED!
  1377 | D:2      | XOM: noise
  1424 | D:2      | Found an iron altar of Okawaru.
  1443 | D:2      | XOM: confuse monster(s)
  1639 | D:2      | XOM: mild Ice miscast
  1725 | D:3      | XOM: harmless Hex miscast
  1784 | D:3      | XOM: harmless Conj miscast
  1911 | D:3      | Reached XP level 4. HP: 44/44 MP: 3/3
  1918 | D:3      | XOM: cloud trail
  1974 | D:3      | XOM: mild Conj miscast
  2070 | D:3      | XOM: divination: detect items
  2459 | D:3      | XOM: divination: detect creatures
  2540 | D:3      | XOM: summons 1 hostile demon
  2605 | D:4      | Noticed an ogre
  2611 | D:4      | Noticed George's ghost (amateur MiFi)
  2611 | D:4      | Killed an ogre
  2611 | D:4      | Reached skill level 5 in Unarmed Combat
  2611 | D:4      | Reached XP level 5. HP: 45/53 MP: 4/4
  2717 | D:4      | XOM: divination: detect items
  2727 | D:4      | Reached XP level 6. HP: 48/62 MP: 5/5
  2736 | D:4      | XOM: noise
  2738 | D:4      | Reached skill level 6 in Unarmed Combat
  2758 | D:5      | Entered Level 5 of the Dungeon
  2785 | D:5      | XOM: summons 6 friendly demons
  2954 | D:5      | XOM: harmless Hex miscast
  2962 | D:4      | Reached XP level 7. HP: 65/70 MP: 6/6
  3111 | D:4      | XOM: potion effect (might)
  3114 | D:3      | Reached skill level 7 in Unarmed Combat
  3252 | D:3      | XOM: harmless Air miscast
  3280 | D:4      | XOM: confusion (+ monsters)
  3281 | D:4      | XOM: mild Summ miscast
  3286 | D:4      | XOM: confusion
  3352 | D:3      | XOM: torment (37/71 hp)
  3444 | D:3      | XOM: give mutations
  3444 | D:3      | Gained mutation: Your body sometimes deteriorates upon taking damage. [Xom's mischief]
  3444 | D:3      | Gained mutation: Your body often deteriorates upon taking damage. [Xom's mischief]
  3602 | D:4      | XOM: chaos cloud
  3603 | D:4      | XOM: scenery: create altars
  3604 | D:4      | Paralysed by you for 3 turns
  3608 | D:4      | XOM: repel stairs
  3614 | D:4      | Slain by George's ghost

Vault maps used:
D:1:      dpeg_arrival_rooms_b
D:2:      amethyst_overflow_temple_binary, okawaru_altar_gauntlet_db
D:4:      minmay_surrounded
D:5:      first_bread, hangedman_abyss_or_decor_jellyfish_corner

Skill      XL: |  1  2  3  4  5  6  7 |
---------------+----------------------+-----
Unarmed Combat | 4 5 6 7 |  7.8
Fighting       | 3 4 |  4.8
Dodging        | |  1.9

Action                   |  1- 3 |  4- 6 |  7- 9 || total
-------------------------+-------+-------+-------++-------
Melee: Unarmed           |   109 |    91 |    60 ||   260
       Punch             |     2 |     1 |     3 ||     6
Throw: Stone             |     4 |     3 |       ||     7
  Use: Scroll            |       |     8 |       ||     8
       Potion            |       |     1 |     2 ||     3
  Eat: Chunk             |    21 |     8 |       ||    29
Armor: Robe              |    54 |    25 |    27 ||   106
Dodge: Dodged            |    52 |    47 |    36 ||   135

Table legend:
 A = Spawn XP
 B = Non-spawn XP
 C = Spawn XP percentage of total XP
 D = Spawn monster count
 E = Non-spawn monster count
 F = Spawn count percentage of total count
 G = Total turns spent on level
                    A         B        C        D         E        F      G
               +---------+---------+-------+---------+---------+-------+---------
         Total |       0 |    1221 |   0.0 |       0 |      78 |   0.0 |  3614
               +---------+---------+-------+---------+---------+-------+---------
           D:1 |       0 |      36 |   0.0 |       0 |      21 |   0.0 |   755
           D:2 |       0 |      48 |   0.0 |       0 |      14 |   0.0 |   950
           D:3 |       0 |     438 |   0.0 |       0 |      27 |   0.0 |  1487
           D:4 |       0 |     520 |   0.0 |       0 |      12 |   0.0 |   223
           D:5 |       0 |     179 |   0.0 |       0 |       4 |   0.0 |   199
               +---------+---------+-------+---------+---------+-------+---------
